 Dungeon Crawl Stone Soup version 0.28.0-43-g3370ac3207 (webtiles) character file.

Game seed: 9199936746596002045

251 Gorgormcgor the Magician (level 5, -2/29 HPs)
             Began as a Deep Elf Air Elementalist on Mar 3, 2022.
             Was an Initiate of Vehumet.
             Slain by Edmund
             ... wielding a +4 flail
              (6 damage)
             ... on level 4 of the Dungeon on Mar 6, 2022.
             The game lasted 00:16:14 (3295 turns).

Gorgormcgor the Magician (DEAE)                     Turns: 3295, Time: 00:16:14

Health: -2/29      AC:  5    Str:  7    XL:     5   Next: 88%
Magic:  2/13       EV: 14    Int: 26    God:    Vehumet [......]
Gold:   171        SH:  0    Dex: 20    Spells: 2/12 levels left

rFire   . . .      SeeInvis .   d - +4 dagger
rCold   . . .      Faith    .   (no shield)
rNeg    . . .      Spirit   .   a - +0 robe
rPois   .          Reflect  .   (no helmet)
rElec   .          Harm     +   e - +1 cloak "Rotaew" {Harm Str+2 Dex+3}
rCorr   .          Rampage  .   n - +0 pair of gloves
Will    .....                   (no boots)
Stlth   +++.......              (no amulet)
HPRegen 0.09/turn               c - +6 ring of intelligence
MPRegen 0.13/turn               (no ring)

@: sluggish, very slow
A: no striking features
a: Renounce Religion


You were on level 4 of the Dungeon.
You worshipped Vehumet.
Vehumet was noncommittal.
You visited 2 branches of the dungeon, and saw 4 of its levels.

You collected 171 gold pieces.

Inventory:

Hand Weapons
 d - a +4 dagger (weapon)
 k - the +8 mace of Thoughtfulness {spect, rCorr Dex+4}
   (You found it on level 4 of the Dungeon)

   When its wielder attacks, the weapon's spirit leaps out and strikes again.
   The spirit shares a part of any damage it takes with its wielder.
   Dex:       It affects your dexterity (+4).
   rCorr:     It protects you from acid and corrosion.
Armour
 a - a +0 robe (worn)
 e - the +1 cloak "Rotaew" (worn) {Harm Str+2 Dex+3}
   (You acquired it on level 4 of the Dungeon)

   Str:       It affects your strength (+2).
   Dex:       It affects your dexterity (+3).
   Harm:      It increases damage dealt and taken.
 n - a +0 pair of gloves (worn)
Jewellery
 c - a +6 ring of intelligence (left hand)
Scrolls
 b - 2 scrolls of amnesia
 f - a scroll of enchant armour {unknown}
 g - a scroll of blinking {unknown}
 h - a scroll of silence {unknown}
 i - a scroll of fear {unknown}
 j - 3 scrolls of identify {unknown}
 o - a scroll of teleportation {unknown}
 p - a scroll of immolation {unknown}
Potions
 l - a potion of lignification {unknown}
 m - a potion of flight {unknown}


   Skills:
 + Level 1.3 Fighting
 + Level 3.7 Dodging
 - Level 3.0 Stealth
 + Level 4.4 Spellcasting
 + Level 3.0 Conjurations
 + Level 0.4 Fire Magic
 + Level 4.1 Air Magic
 + Level 0.2 Poison Magic


You had 2 spell levels left.
You knew the following spells:

 Your Spells              Type           Power      Damage    Failure   Level
a - Shock                 Conj/Air       96%        1d9       1%          1
b - Static Discharge      Conj/Air       24%        N/A       2%          2
c - Swiftness             Air            27%        N/A       4%          3
d - Poisonous Vapours     Pois/Air       34%        N/A       4%          2
e - Scorch                Fire           16%        2d6       11%         2

Your spell library contained the following spells:

 Spells                   Type           Power      Damage    Failure   Level
 Sting                    Tmut/Pois      24%        1d4       8%          1
 Ensorcelled Hibernation  Hex/Ice        10%        N/A       12%         2
 Airstrike                Air            13%        N/A       14%         4
 Spider Form              Tmut/Pois      6%         N/A       22%         3
 Flame Wave               Conj/Fire      14%        2d6       36%         4
 Olgreb's Toxic Radiance  Pois           7%         N/A       58%         4
 Anguish                  Hex/Necr       2%         N/A       63%         4
 Summon Cactus Giant      Summ           2%         N/A       100%        6


Dungeon Overview and Level Annotations

Branches:
Dungeon (4/15)             Temple (1/1) D:4

Altars:
Ashenzari
Cheibriados
Dithmenos
Elyvilon
Gozag
Kikubaaqudgha
Makhleb
Nemelex Xobeh
Okawaru
Ru
Sif Muna
Trog
Uskayaw
Vehumet
Wu Jian
Xom
Yredelemnul

Shops:
D:1 =   D:4 (

Annotations:
D:4 Edmund


Message History

You are struck by an arc of lightning.
The lightning grounds out.
You start to feel a little slower.
Edmund closely misses you.
Casting: Static Discharge (safe; 2% risk of failure)
Confirm with . or Enter, or press ? or * to list all spells.
Aiming: Shock (safe; 1% risk of failure)
Press: ? - help, Shift-Dir - straight line, f/p - Edmund
Aim: Edmund, wielding a +4 flail, wearing a +0 chain mail and wearing a +0 kite shield (heavily wounded, poisoned, 84% to hit)
The zap hits Edmund!
Edmund is severely wounded.
Casting: Shock (safe; 1% risk of failure)
Confirm with . or Enter, or press ? or * to list all spells.
Aiming: Shock (safe; 1% risk of failure)
Press: ? - help, Shift-Dir - straight line, f/p - Edmund
Aim: Edmund, wielding a +4 flail, wearing a +0 chain mail and wearing a +0 kite shield (severely wounded, poisoned, 84% to hit)
The zap hits Edmund.
Edmund is severely wounded.
You feel sluggish. Edmund hits you with a +4 flail!
You hit Edmund but do no damage.
Edmund is severely wounded.
Edmund hits you with a +4 flail!
* * * LOW HITPOINT WARNING * * *
Your magical contamination has completely faded away.
You hit Edmund but do no damage.
Edmund is severely wounded.
Edmund barely misses you.
You hit Edmund.
Edmund is almost dead.
Edmund looks more healthy.
Edmund closely misses you.
You hit Edmund.
Edmund is almost dead.
Edmund barely misses you.
You hit Edmund.
Edmund is almost dead.
Edmund misses you.
You completely miss Edmund.
Edmund is almost dead.
Edmund hits you with a +4 flail.
You die...

#### ############# ..(#
#.>.....<.@.# ...###.#########@#
[....<.# ##.############ #..#####
#.............#####
#..############..................
................#....#####.######
#..############...#.## #.#
##..................# #.#
#.#####.#######.#### #.# #.# #.#
#.# #.#


You could see Edmund.

Vanquished Creatures
  2 hounds (D:4)
  A jelly (D:4)
  An orc priest (D:4)
  2 hound skeletons (D:4)
  3 adders
  An adder skeleton (D:4)
  3 worms (D:2)
  6 orcs (D:4)
  2 bats (D:1)
  9 endoplasms
  4 giant cockroaches
  4 goblins
  5 hobgoblins
  3 kobolds
  9 ball pythons
  4 frilled lizards
  6 rats
65 creatures vanquished.

Notes
Turn   | Place    | Note
-------+----------+-------------------------------------------
     0 | D:1      | Gorgormcgor the Deep Elf Air Elementalist began the quest
                  | for the Orb.
     0 | D:1      | Reached XP level 1. HP: 10/10 MP: 6/6
   428 | D:1      | Reached XP level 2. HP: 13/15 MP: 2/8
   607 | D:1      | Found Daeclak's Jewellery Emporium.
   676 | D:1      | Learned a level 2 spell: Static Discharge
  1061 | D:1      | Reached XP level 3. HP: 19/19 MP: 6/9
  1944 | D:2      | Learned a level 3 spell: Swiftness
  1988 | D:2      | You fall into a shaft and drop 2 floors!
  2007 | D:4      | Reached XP level 4. HP: 24/24 MP: 4/11
  2068 | D:4      | Found a staircase to the Ecumenical Temple.
  2082 | Temple   | Entered the Ecumenical Temple
  2250 | Temple   | Became a worshipper of Vehumet
  2403 | D:4      | Found Zozel's Weapon Shoppe.
  2434 | D:4      | Found a shimmering blue altar of Sif Muna.
  2535 | D:4      | Reached XP level 5. HP: 15/28 MP: 8/13
  2678 | D:4      | Identified a scroll of acquirement
  2678 | D:4      | Acquired the +1 cloak "Rotaew" {Harm Str+2 Dex+3}
  2788 | D:4      | Identified the +8 mace of Thoughtfulness {spect, rCorr
                  | Dex+4}
  2813 | D:4      | Reached skill level 1 in Fighting
  2892 | D:4      | Learned a level 2 spell: Poisonous Vapours
  2895 | D:4      | Learned a level 2 spell: Scorch
  3255 | D:4      | Noticed Edmund
  3295 | D:4      | Slain by Edmund

Illustrated notes

Levels and vault maps discovered:
D:1:      noname_arrival_rooms_in_the_neighbourhood, layout_rooms, serial_shops,
          nicolae_shop_stone, minmay_tromino_v2
D:2:      layout_basic
D:4:      layout_loops_ring, mainiacjoe_overflow_brackets,
          beargit_hepliaklqana_dungeon_heroes, minmay_temple_entry_overgrown,
          serial_shops, nicolae_shop_window_shopping
Temple:   regret_index_temple_sphere_string

Skill      XL: |  1  2  3  4  5 |
---------------+----------------+-----
Stealth        | 3 |  3.0
Dodging        | 3 |  3.7
Conjurations   | 2 3 |  3.0
Spellcasting   | 4 |  4.4
Fighting       | 1 |  1.3
Air Magic      | 4 |  4.1
Fire Magic     | |  0.4
Poison Magic   | |  0.2

Action                   |  1- 3 |  4- 6 || total
-------------------------+-------+-------++-------
Melee: Unarmed           |    15 |       ||    15
       Dagger            |     5 |    11 ||    16
 Cast: Shock             |    84 |    46 ||   130
       Static Discharge  |     5 |     1 ||     6
       Poisonous Vapours |       |     2 ||     2
       Swiftness         |       |     1 ||     1
  Use: Scroll            |       |     3 ||     3
 Stab: Sleeping          |     1 |       ||     1
Armor: Robe              |     2 |     2 ||     4
Dodge: Dodged            |    23 |    15 ||    38
